 Dungeon Crawl Stone Soup version 0.18.1-8-gdd0e5ea (webtiles) character file.

215 deorigin the Changer (level 5, -4/44 HPs)
             Began as a Naga Transmuter on May 24, 2016.
             Slain by an orc
             ... wielding a +0 flail
              (8 damage)
             ... on level 3 of the Dungeon on May 25, 2016.
             The game lasted 00:10:55 (2737 turns).

deorigin the Changer (Naga Transmuter)              Turns: 2737, Time: 00:10:56

Health: -4/44      AC:  2    Str: 15    XL:     5   Next: 92%
Magic:  6/8        EV: 22    Int: 14    God:
Gold:   150        SH:  0    Dex: 16    Spells: 3 memorised, 2 levels left

rFire  . . .     SeeInvis +       - Unarmed
rCold  . . .     Gourm    .     (armour currently unavailable)
rNeg   . . .     Faith    .     (shield currently unavailable)
rPois  x         Spirit   .     (helmet currently unavailable)
rElec  .         Dismiss  .     (cloak currently unavailable)
rCorr  .         Reflect  .     (gloves currently unavailable)
SustAt .         Harm     .     (no barding)
MR     .....                    (no amulet)
Stlth  ++........               j - +2 ring of strength
                                h - +3 ring of evasion

@: spider-form (expiring), not resistant to hostile enchantments, unstealthy
A: see invisible, (deformed body), (poison resistance), (slowness 0), slow
metabolism 1, spit poison 2, AC +1
a: Spit Poison, End Transformation


You were on level 3 of the Dungeon.
You were hungry.
You were a venomous arachnid creature.
You visited 1 branch of the dungeon, and saw 4 of its levels.

You collected 150 gold pieces.

Inventory:

Hand Weapons
 k - a +1 dagger of flaming
 p - a +2 dagger of venom (melded)
 u - a +0 blowgun
Missiles
 a - 61 arrows
 n - 24 poisoned needles
Armour
 b - a +0 robe (melded)
 o - a +0 ring mail
 v - a +0 pair of gloves (melded)
 x - a +1 helmet
Jewellery
 h - a +3 ring of evasion (left front leg)
 j - a +2 ring of strength (right front leg)
Scrolls
 e - 4 scrolls of remove curse {unknown}
 i - a scroll of immolation {unknown}
 q - a scroll of amnesia {unknown}
 r - a scroll of enchant armour {unknown}
 s - a scroll of magic mapping {unknown}
Potions
 f - a potion of haste {unknown}
 m - 2 potions of heal wounds {unknown}
 t - a potion of curing {unknown}
Books
 c - a book of Changes

   Spells                             Type                      Level
   a - Beastly Appendage              Transmutation                1
   b - Sticks to Snakes               Transmutation                2
   c - Spider Form                    Transmutation/Poison         3
   d - Ice Form                       Ice/Transmutation            4
   e - Blade Hands                    Transmutation                5
Comestibles
 d - 2 bread rations
 g - a royal jelly
 l - a beef jerky
 w - 2 chunks of flesh


   Skills:
 - Level 1.0 Fighting
 - Level 1.5 Dodging
 + Level 2.1 Stealth
 - Level 3.0 Unarmed Combat
 - Level 2.0 Spellcasting
 + Level 5.4 Transmutations
 * Level 2.0 Poison Magic


You had 2 spell levels left.
You knew the following spells:

 Your Spells              Type           Power        Failure   Level  Hunger
a - Beastly Appendage     Trmt           ###...       10%         1    ##.....
b - Sticks to Snakes      Trmt           ###.....     14%         2    ###....
c - Spider Form           Trmt/Pois      ##........   36%         3    ####...


Dungeon Overview and Level Annotations

Branches:
Dungeon (4/15)
 Temple: D:4-7

Altars:
Okawaru
Trog
Zin

Annotations:
D:3 nikopol's ghost, amateur MiBe


Innate Abilities, Weirdness & Mutations

You cannot wear boots.
((Your serpentine skin is tough (AC +1).))
You have supernaturally acute eyesight.
((Armour fits poorly on your strangely shaped body.))
((Your system is resistant to poisons.))
((You cover ground very slowly.))
You have a slow metabolism.
You can spit poison.


Message History

You have got your breath back.
The orc barely misses you.
You see here a dagger.
You hit the orc.
The orc is poisoned.
The orc is heavily wounded.
The orc misses you.
You hit the orc.
You kill the orc!
You hit the orc.
The orc is heavily wounded.
Your transformation is almost over.
You are feeling hungry.
You hit the orc wizard.
The orc wizard is severely wounded.
You hit the orc wizard.
You kill the orc wizard!
Your Stealth skill increases to level 2!
Your Poison Magic skill increases to level 2!
You barely miss the orc. The orc hits you with a flail!
You die...

####### #.....# #.....#
#.....# ##########
#.....# ######.........
#.....####......####(..#
#....oos................
#.....##############.###
#.....# ##.# # #....o#
#..# #.....# ##.##
####### #).# #[## #<#
##.#


You could see 2 orcs.

Vanquished Creatures
  2 orc wizards (D:3)
  8 adders
  3 worms (D:2)
  2 dart slugs
  2 giant geckos
  5 orcs (D:3)
  9 bats
  3 giant cockroaches
  11 goblins
  7 hobgoblins
  2 ball pythons
  A giant newt (D:1)
  15 kobolds
  9 rats
79 creatures vanquished.

Notes
Turn   | Place    | Note
--------------------------------------------------------------
     0 | D:1      | deorigin the Naga Transmuter began the quest for the Orb.
     0 | D:1      | Reached XP level 1. HP: 18/18 MP: 3/3
   381 | D:1      | Reached XP level 2. HP: 25/25 MP: 5/5
   638 | D:1      | Reached skill level 3 in Transmutations
  1050 | D:2      | Reached XP level 3. HP: 30/31 MP: 4/6
  1129 | D:2      | Found a bloodstained altar of Trog.
  1135 | D:2      | Found an iron altar of Okawaru.
  1325 | D:2      | Reached skill level 4 in Transmutations
  1388 | D:2      | Reached XP level 4. HP: 38/38 MP: 5/7
  2006 | D:3      | Learned a level 2 spell: Sticks to Snakes
  2010 | D:3      | Learned a level 3 spell: Spider Form
  2033 | D:3      | Reached XP level 5. HP: 43/44 MP: 8/8
  2097 | D:3      | Reached skill level 1 in Stealth
  2104 | D:3      | Found a glowing silver altar of Zin.
  2105 | D:3      | Noticed an angel
  2182 | D:3      | Noticed nikopol's ghost (amateur MiBe)
  2457 | D:3      | Reached skill level 5 in Transmutations
  2458 | D:3      | Reached skill level 1 in Poison Magic
  2737 | D:3      | Slain by an orc

Skill      XL: |  1  2  3  4  5 |
---------------+----------------+-----
Transmutations | 3 4 5 |  5.4
Stealth        | 2 |  2.1
Poison Magic   | 2 |  2.0
Fighting       | |  1.0
Dodging        | |  1.5
Unarmed Combat | |  3.0
Spellcasting   | |  2.0

Action                   |  1- 3 |  4- 6 || total
-------------------------+-------+-------++-------
Melee: Unarmed           |    66 |    36 ||   102
       Headbutt          |     7 |     8 ||    15
       Punch             |     1 |       ||     1
       Dagger            |       |    69 ||    69
 Cast: Beastly Appendage |    14 |    10 ||    24
       Spider Form       |       |     2 ||     2
 Abil: Spit Poison       |    30 |    26 ||    56
  Eat: Chunk             |     3 |     5 ||     8
Armor: Robe              |     9 |    13 ||    22
Dodge: Dodged            |    51 |    90 ||   141
